 Dungeon Crawl Stone Soup version 0.30.1-9-gdf580d7c3d (webtiles) character file.

Game seed: 1511075535811049455

199098 Ironcache the Executioner (level 17, 0/163 HPs)
             Began as a Minotaur Berserker on Oct 10, 2023.
             Was the Champion of Trog.
             Slain by Ilsuiw
             ... wielding a +3 trident of freezing
              (9 damage)
             ... on level 2 of the Shoals.
             The game lasted 01:52:59 (33025 turns).

Ironcache the Executioner (Minotaur Berserker)     Turns: 33025, Time: 01:52:59

Health: 0/163      AC: 38    Str: 40    XL:     17   Next: 83%
Magic:  16/16      EV: 13    Int:  2    God:    Trog [******]
Gold:   3394       SH:  0    Dex: 11    Spells: 16/16 levels left

rFire   + + +        a - +6 executioner's axe "Dragonslayer" {heavy, Contam rF+++ Str+4}
rCold   + . .        (shield currently unavailable)
rNeg    + + .        B - +7 gold dragon scales
rPois   +            (helmet restricted)
rElec   .            M - +0 cloak
rCorr   .            w - +0 pair of gloves
SInv    .            G - +0 pair of boots "Sesiby" {Slay+3}
Will    +++..        H - amulet of Etucsy {Faith Drain rPois rN++ Dex-2} Stlth
                     P - +4 ring of protection
HPRegen 1.47/turn    v - ring of Xeuhot {Str+6 Dex+3}
MPRegen 0.15/turn

%: faith
@: strong-willed, mesmerised, regenerating, unable to drink, very slow
A: horns 2, retaliatory headbutt, dopey 1, inability to drink after injury 1
}: 1/15 runes: serpentine
a: Renounce Religion, Berserk, Trog's Hand, Brothers in Arms


You were on level 2 of the Shoals.
You worshipped Trog.
Trog was exalted by your worship.
You visited 6 branches of the dungeon, and saw 29 of its levels.
You also visited: Sewer, Gauntlet and Volcano.

You collected 3889 gold pieces.
You spent 495 gold pieces at shops.

Inventory:

Hand Weapons
 a - the +6 executioner's axe "Dragonslayer" (weapon) {heavy, Contam rF+++ Str+4}
   (You acquired it on level 4 of the Lair of Beasts)

   Str:       It affects your strength (+4).
   rF:        It renders you almost immune to fire.
   Contam:    It causes magical contamination when unequipped.
 b - the +4 executioner's axe "Beetle's Peril" {flame, rElec}
   (Trog gifted it to you on level 2 of the Orcish Mines)

   rElec:     It insulates you from electricity.
Missiles
 F - 36 boomerangs (quivered)
Armour
 w - a +0 pair of gloves (worn)
 B - +7 gold dragon scales (worn)
 G - the +0 pair of boots "Sesiby" (worn) {Slay+3}
   (You found it on level 3 of the Lair of Beasts)

   Slay:      It affects your accuracy & damage with ranged weapons and melee
   (+3).
 M - a +0 cloak (worn)
Jewellery
 f - a +6 ring of intelligence
 h - a ring of flight
 o - a ring of positive energy
 t - an amulet of the acrobat
 v - the ring of Xeuhot (right hand) {Str+6 Dex+3}
   (You found it in a Gauntlet)

   [ring of strength]

   Str:       It affects your strength (+6).
   Dex:       It affects your dexterity (+3).
 C - a ring of poison resistance
 E - a +6 ring of dexterity
 H - the amulet of Etucsy (around neck) {Faith Drain rPois rN++ Dex-2}
   (You found it in a Gauntlet)

   [amulet of faith]

   It allows you to gain divine favour quickly.
   Dex:       It affects your dexterity (-2).
   rPois:     It protects you from poison.
   rN:        It greatly protects you from negative energy.
   Drain:     It drains your maximum health when unequipped.
 P - a +4 ring of protection (left hand)
 T - an amulet of faith
 X - a ring of protection from cold
 Y - a ring of protection from cold
Wands
 k - a wand of digging (9)
 s - a wand of light (18)
 A - a wand of polymorph (6)
 N - a wand of roots (24)
 O - a wand of mindburst (9)
 R - a wand of charming (39)
 Z - a wand of flame (20)
Scrolls
 d - 5 scrolls of enchant weapon
 j - 17 scrolls of teleportation
 m - 4 scrolls of fog
 p - 2 scrolls of silence
 r - 8 scrolls of magic mapping
 u - 2 scrolls of butterflies
 y - 4 scrolls of vulnerability
 D - 4 scrolls of poison
 K - 2 scrolls of blinking
 U - 4 scrolls of fear
 V - 5 scrolls of torment
Potions
 c - a potion of experience {unknown}
 e - 2 potions of mutation
 g - a potion of berserk rage {unknown}
 i - 11 potions of curing
 l - 9 potions of lignification
 n - 9 potions of haste
 q - 6 potions of heal wounds
 x - a potion of invisibility {unknown}
 z - 5 potions of magic
 I - 5 potions of ambrosia
 J - 6 potions of attraction
 L - 7 potions of flight
 Q - 2 potions of might
 S - 2 potions of cancellation
 W - 4 potions of resistance


   Skills:
 + Level 17.9 Fighting
 - Level 24.0 Axes
 + Level 17.7 Armour
 + Level 16.4 Dodging
 - Level 5.0 Shields


You had 16 spell levels left.
You didn't know any spells.
Your spell library was empty.

Dungeon Overview and Level Annotations

Branches:
Dungeon (15/15)            Temple (1/1) D:4            Lair (5/5) D:11
 Shoals (2/4) Lair:3        Snake (4/4) Lair:2        Slime (0/5) Lair:4
    Orc (2/2) D:12            Elf (0/3) Orc:2        Vaults (0/5) D:13
 Depths (0/4) D:15          Sewer (visited)         Volcano (visited)
Gauntlet (visited)

Altars:
Ashenzari
Cheibriados
Dithmenos
Elyvilon
Fedhas
Gozag
Hepliaklqana
Kikubaaqudgha
Makhleb
Nemelex Xobeh
Okawaru
Qazlal
Ru
Sif Muna
Trog
Uskayaw
Vehumet
Wu Jian
Xom
Yredelemnul
Zin
The Shining One
Jiyva

Shops:
D:1 [   D:5 *   D:9 =   Orc:1 (   Orc:2 =*[(   Shoals:1 ?

Portals:
Trove: D:14 (give 19 potions of curing)

Annotations:
D:13 2 transporters
Shoals:2 2 transporters, Ilsuiw; Kof Pipt's ghost, adept DsHu
Snake:2 6 transporters


Innate Abilities, Weirdness & Mutations

You have a pair of horns on your head.
You reflexively headbutt those who attack you in melee.
You are dopey. (Int -2)
You occasionally lose the ability to drink potions when taking damage.


Message History

You hear a splash. x3
You completely miss something. Something hits you but does no damage.
The merfolk javelineer hits you but does no damage.
Something hits you but does no damage.
The merfolk hits you but does no damage.
The merfolk siren chants its luring song.
You cannot drink potions in your current state!
You chop the merfolk javelineer into pieces!!!
You kill the merfolk javelineer!
Trog accepts your kill.
You hear a splash. x3
You barely miss something. Something hits you.
* * * LOW HITPOINT WARNING * * *
Something freezes you.
* * * LOW HITPOINT WARNING * * *
The merfolk barely misses you.
The merfolk siren chants its luring song.
You hear some strange, mumbled words.
You cannot drink potions in your current state!
Okay, then.
Blink to where?
Press: ? - help, Dir - move target Splash!
As you read the scroll of blinking, it crumbles to dust.
The water elemental disappears in a puff of smoke!
The merfolk siren chants its luring song.
The merfolk hits you but does no damage.
You slice the merfolk siren!!
The merfolk siren is heavily wounded.
The merfolk siren chants its luring song.
The merfolk completely misses you.
You closely miss the merfolk siren. Your headbutt misses the merfolk siren.
The merfolk siren is heavily wounded.
You open the water elemental like a pillowcase!!!
You destroy the water elemental!
The water elemental disappears in a puff of smoke!
The merfolk siren chants its luring song.
Your unstable footing causes you to fumble your attack.
Something hits you!
You die...

~~~~~~~~~~~~~~~
~~~~~~~~~~~~~~~
~~~~~~...~~~~~~
~~~~~....~~~~~.
~~~~~.~...~>~PP.
..~~~~~~~.~~~~~~~
..~~≈~~~~~!.~~P~~
.>~~≈≈~~~~@~~~~~~~
~~≈~~~~~~Em~~~≈~~~
≈≈≈~~≈~~~E{~≈≈≈≈P~
≈≈≈~~~~~)m)~≈≈~~~~
≈≈≈≈~≈≈~~~~≈≈~~~P~ ≈≈
≈≈≈≈≈≈≈~~~≈≈PP~~P# ~~≈≈
≈≈≈≈≈≈≈~~≈≈≈~P.PP# ~~≈≈≈
≈≈≈≈≈≈~~~≈≈~PP#######.~~≈≈≈
~≈≈≈≈≈≈~.~~~PP##
##..PP~≈≈≈≈


You could see a merfolk, 2 water elementals and a merfolk siren (mesmerising).

Vanquished Creatures
  Nikola (Snake:1)
  Mlioglotl (Snake:1)
  Kirke (Lair:5)
  A nagaraja (Snake:4)
  An orc warlord (Orc:2)
  A very ugly thing (D:15)
  A red draconian (Volcano)
  A minotaur (Gauntlet)
  4 merfolk impalers (Shoals:1)
  Josephine (D:13)
  6 merfolk javelineers
  4 hydras
  Erolcha (D:13)
  3 salamander tyrants (Snake:4)
  A vault guard (D:14)
  2 boulder beetles
  A catoblepas (Lair:4)
  An ice dragon (Lair:5)
  4 centaur warriors
  A two-headed ogre (D:10)
  5 merfolk avatars
  7 anacondas
  An alligator snapping turtle (Shoals:1)
  A tengu warrior (D:15)
  4 merfolk aquamancers
  A satyr (Shoals:2)
  3 orc high priests (Orc:2)
  14 naga warriors
  Urug (D:10)
  8 naga sharpshooters
  11 shock serpents
  2 skysharks
  9 skeletal warriors
  8 salamander mystics
  11 sea snakes
  A deep elf archer (D:13)
  7 naga ritualists
  A glowing orange brain (D:15)
  8 lindwurms
  9 harpies
  A deep elf zephyrmancer (D:13)
  6 orc knights
  3 deep elf pyromancers
  10 manticores
  19 salamanders
  4 fauns (Shoals:2)
  4 cyclopes
  14 mana vipers
  5 orc sorcerers (Orc:2)
  9 ugly things
  2 moths of wrath (Gauntlet)
  6 elephants
  13 naga magi
  A water nymph (Shoals:2)
  4 merfolk sirens
  9 guardian serpents
  44 black mambas
  4 molten gargoyles (Volcano)
  5 torpor snails (Lair:5)
  4 centaur skeletons (D:13)
  An unseen horror (D:12)
  2 gargoyles (Volcano)
  7 cane toads
  3 rime drakes (Lair:4)
  2 freezing wraiths
  8 komodo dragons
  A tengu conjurer (D:15)
  5 yaktaurs
  5 efreet
  A queen bee (Lair:2)
  3 trolls
  3 tyrant leeches (Lair:5)
  A tarantella (shapeshifter) (D:15)
  24 merfolk
  The ghost of lonewolfV2 the Shield-Bearer, an amateur FoFi (D:4)
  9 hornets
  2 wind drakes
  15 slime creatures
  3 blink frogs (Lair:1)
  2 raiju (Gauntlet)
  A dream sheep (Lair:4)
  Sigmund (D:5)
  6 snapping turtles
  A vampire (D:13)
  9 wraiths
  35 yaks
  7 water elementals
  6 wyverns (Lair:4)
  3 hogs (Lair:5)
  Eustachio (D:6)
  A human (shapeshifter) (D:15)
  13 basilisks
  A redback (shapeshifter) (D:14)
  3 vampire mosquitoes (D:15)
  A golden eye (shapeshifter) (D:14)
  2 redbacks (Gauntlet)
  2 steam dragons
  2 wargs (Orc:2)
  28 nagas
  12 water moccasins
  32 orc warriors
  3 ice beasts
  A black bear (D:11)
  6 ogres
  A sky beast (D:7)
  12 wolves
  6 centaurs
  Blork the orc (D:6)
  3 kobold brigands
  14 bullfrogs
  5 gnoll sergeants (D:5)
  3 scorpions
  4 wights
  33 killer bees
  4 howler monkeys
  8 electric eels
  10 hounds
  26 orc priests
  2 jellies
  Terence (D:3)
  5 gnoll boudas
  4 iguanas
  28 orc wizards
  11 hell rats (Lair:4)
  A lightning spire (Gauntlet)
  Robin (D:3)
  37 gnolls
  7 adders
  A river rat (D:4)
  A shadow imp (D:7)
  2 white imps
  2 ufetubi
  2 adder zombies (D:2)
  An adder skeleton (D:2)
  5 dart slugs
  102 orcs
  15 ball pythons
  A bat skeleton (D:2)
  10 endoplasms
  6 giant cockroaches
  13 goblins
  3 hobgoblins
  13 jackals
  10 kobolds
  11 quokkas
  A ball python skeleton (D:2)
  A ball python zombie (D:2)
  3 bats
  11 frilled lizards
  5 rats
  2 butterflies (Lair:3)
1039 creatures vanquished.

Notes
Turn   | Place    | Note
-------+----------+-------------------------------------------
     0 | D:1      | Ironcache the Minotaur Berserker began the quest for the
                  | Orb.
     0 | D:1      | Reached XP level 1. HP: 19/19 MP: 0/0
    37 | D:1      | Found Laricin's Armour Shoppe.
   243 | D:1      | Reached XP level 2. HP: 27/27 MP: 1/1
   491 | D:1      | Reached skill level 4 in Axes
   658 | D:2      | Reached XP level 3. HP: 33/33 MP: 2/2
   738 | D:2      | Reached ** piety under Trog
  1386 | D:2      | Reached XP level 4. HP: 40/40 MP: 3/3
  1683 | D:3      | Noticed Terence
  1688 | D:3      | Killed Terence
  1718 | D:3      | Noticed Robin
  1730 | D:3      | Killed Robin
  2033 | D:3      | Noticed a golden eye
  2040 | D:3      | Reached XP level 5. HP: 47/47 MP: 4/4
  2040 | D:3      | Found a faded altar of an unknown god.
  2041 | D:3      | Noticed a great orb of eyes
  2041 | D:3      | Noticed a golden eye
  2041 | D:3      | Noticed a shining eye
  2412 | D:4      | Noticed an ice beast
  2422 | D:4      | Killed an ice beast
  2423 | D:4      | Reached skill level 5 in Fighting
  2423 | D:4      | Reached skill level 5 in Axes
  2423 | D:4      | Reached XP level 6. HP: 40/56 MP: 5/5
  2462 | D:4      | Found a glowing drain.
  2488 | Sewer    | Entered a sewer
  2550 | Sewer    | Reached *** piety under Trog
  2723 | Sewer    | Reached skill level 6 in Axes
  2837 | D:4      | Found a staircase to the Ecumenical Temple.
  2858 | Temple   | Entered the Ecumenical Temple
  3069 | D:4      | Found a runed translucent gate.
  3083 | D:4      | Reached XP level 7. HP: 44/61 MP: 6/6
  3093 | D:4      | Found a runed translucent gate.
  3094 | D:4      | Found a runed translucent gate.
  3095 | D:4      | Found an opulent altar of Gozag.
  3167 | D:4      | Identified the +0 chain mail of the Desolation of Salt
                  | {Drain rN+++ MP-9 Int+2}
  3274 | D:4      | Noticed lonewolfV2's ghost (amateur FoFi)
  3274 | D:4      | Noticed a yak
  3590 | D:5      | Entered Level 5 of the Dungeon
  3649 | D:5      | Reached skill level 5 in Armour
  3971 | D:5      | Noticed Sigmund
  3983 | D:5      | Reached skill level 7 in Axes
  3987 | D:5      | Killed Sigmund
  3988 | D:5      | Reached skill level 5 in Dodging
  4018 | D:5      | Reached **** piety under Trog
  4029 | D:5      | Reached XP level 8. HP: 70/70 MP: 7/7
  4056 | D:5      | Reached skill level 8 in Axes
  4415 | D:5      | Found Umpomuan's Assorted Antiques.
  4433 | D:5      | Bought a scroll labelled VUDWIP CERREP for 24 gold pieces
  4433 | D:5      | Bought a clear potion for 21 gold pieces
  4433 | D:5      | Bought a grey potion for 21 gold pieces
  4433 | D:5      | Bought a scroll labelled TUUFOXIULE for 24 gold pieces
  4433 | D:5      | Bought a yellow potion for 21 gold pieces
  4433 | D:5      | Bought a scroll labelled DURAOQ FOXIJO for 24 gold pieces
  4433 | D:5      | Bought a cloak for 108 gold pieces
  4559 | D:5      | Reached skill level 9 in Axes
  4565 | D:5      | Reached skill level 1 in Shields
  4881 | D:5      | Reached XP level 9. HP: 79/79 MP: 8/8
  5513 | D:6      | Noticed Eustachio
  5523 | D:6      | Killed Eustachio
  5857 | D:6      | Noticed Blork the orc
  5864 | D:6      | Killed Blork the orc
  5887 | D:6      | Reached skill level 10 in Axes
  6123 | D:7      | Paralysed by a hornet for 1 turns
  6599 | D:7      | Reached ***** piety under Trog
  7351 | D:8      | Reached XP level 10. HP: 90/90 MP: 9/9
  7356 | D:8      | Reached skill level 11 in Axes
  7612 | D:8      | Found a white marble altar of Elyvilon.
  7613 | D:8      | Found a glowing golden altar of the Shining One.
  8029 | D:9      | Found Ezioceno's Jewellery Boutique.
  8652 | D:9      | Reached skill level 5 in Shields
  8858 | D:9      | Reached skill level 12 in Axes
  8972 | D:9      | Found a runed translucent door.
  8972 | D:9      | Noticed a deep elf pyromancer
  8977 | D:9      | Killed a deep elf pyromancer
  9013 | D:9      | Noticed a cyclops
  9215 | D:9      | Killed a cyclops
  9237 | D:9      | HP: 6/136 [yaktaur/+2 war axe of freezing (1)]
  9240 | D:9      | HP: 2/91 [poisoned by a kobold brigand (curare-tipped
                  | dart)]
  9607 | D:10     | Entered Level 10 of the Dungeon
  9614 | D:10     | Reached XP level 11. HP: 99/99 MP: 10/10
  9658 | D:10     | Noticed Urug
  9679 | D:10     | Killed Urug
  9679 | D:10     | Identified the +7 broad axe "Beot Pit" {flame, rF+ Dex+2}
                  | (Trog gifted it to you on level 10 of the Dungeon)
  9679 | D:10     | Received a gift from Trog
  9680 | D:10     | Reached skill level 13 in Axes
  9775 | D:10     | Noticed a two-headed ogre
  9785 | D:10     | Killed a two-headed ogre
  9786 | D:10     | Reached skill level 10 in Fighting
  9889 | D:10     | Found an opulent altar of Gozag.
 10423 | D:11     | Found a staircase to the Lair.
 10454 | D:10     | Reached skill level 10 in Armour
 10680 | D:11     | Noticed a white ugly thing
 10686 | D:11     | Killed a white ugly thing
 10892 | D:11     | Reached skill level 14 in Axes
 11045 | D:12     | Noticed a deep elf pyromancer
 11094 | Lair:1   | Entered Level 1 of the Lair of Beasts
 11473 | Lair:1   | Reached XP level 12. HP: 110/110 MP: 11/11
 12005 | Lair:2   | Received a gift from Trog
 12006 | Lair:2   | Reached skill level 10 in Dodging
 12019 | Lair:2   | Reached skill level 15 in Axes
 12022 | Lair:2   | Found a staircase to the Snake Pit.
 12161 | Lair:2   | Found a gate leading to a gauntlet.
 12169 | Gauntlet | Entered a Gauntlet
 12169 | Gauntlet | Found a transporter.
 12169 | Gauntlet | Found a transporter.
 12169 | Gauntlet | Found a runed translucent door.
 12169 | Gauntlet | Found a runed translucent door.
 12171 | Gauntlet | Found a transporter.
 12171 | Gauntlet | Found a transporter.
 12174 | Gauntlet | Found a transporter.
 12211 | Gauntlet | Found a transporter.
 12212 | Gauntlet | Found a transporter.
 12214 | Gauntlet | Found a transporter.
 12215 | Gauntlet | Noticed a catoblepas
 12226 | Gauntlet | Found a transporter.
 12242 | Gauntlet | Found a transporter.
 12252 | Gauntlet | Found a transporter.
 12253 | Gauntlet | Noticed a reaper
 12256 | Gauntlet | Found a transporter.
 12289 | Gauntlet | Found a transporter.
 12306 | Gauntlet | Found a transporter.
 12411 | Gauntlet | Identified the ring "Vuclurphoc" {rF- rC+ MP+9 Int+5 Dex+2}
 12441 | Gauntlet | Identified the amulet of Etucsy {Faith Drain rPois rN++
                  | Dex-2}
 12501 | Gauntlet | Noticed a minotaur
 12507 | Gauntlet | Killed a minotaur
 12511 | Gauntlet | Identified the ring of Xeuhot {Str+6 Dex+3}
 12695 | Lair:2   | Noticed a boulder beetle
 12711 | Lair:2   | Killed a boulder beetle
 13582 | Lair:3   | Reached skill level 16 in Axes
 13619 | Lair:3   | Found a staircase to the Shoals.
 14175 | Lair:3   | Identified the +0 pair of boots "Sesiby" {Slay+3}
 14464 | Lair:4   | Reached XP level 13. HP: 119/119 MP: 12/12
 14515 | Lair:4   | Found a viscous altar of Jiyva.
 14515 | Lair:4   | Found a staircase to the Slime Pits.
 14549 | Lair:4   | Identified a scroll of acquirement
 14560 | Lair:4   | Acquired the +6 executioner's axe "Dragonslayer" {heavy,
                  | Contam rF+++ Str+4}
 14656 | Lair:4   | Reached ****** piety under Trog
 14664 | Lair:4   | Received a gift from Trog
 14807 | Lair:4   | Reached skill level 17 in Axes
 15405 | Lair:5   | Entered Level 5 of the Lair of Beasts
 15450 | Lair:5   | Noticed Kirke
 15459 | Lair:5   | Killed Kirke
 15508 | Lair:5   | Found a runed translucent door.
 15771 | Lair:5   | Found a dark tunnel.
 15779 | Volcano  | Entered a volcano
 15878 | Volcano  | Noticed a red draconian
 15892 | Volcano  | Killed a red draconian
 15893 | Volcano  | Reached skill level 18 in Axes
 15930 | Volcano  | Noticed an orb of fire
 15963 | Volcano  | Noticed an orb of fire
 16091 | Volcano  | Identified the +3 scimitar "Jodoxugg" {heavy, rN++ Will-
                  | Str+3 Stlth+} (Trog gifted it to you in a volcano)
 16091 | Volcano  | Received a gift from Trog
 16598 | Lair:5   | Reached XP level 14. HP: 124/129 MP: 13/13
 16599 | Lair:5   | Identified the +5 falchion of Courage {freeze, rPois Str+2
                  | Int+4 Dex-4}
 16864 | Lair:5   | Identified the +6 flail "Fymel" {speed, *Noise rElec rC+
                  | rCorr}
 17211 | D:12     | Found a staircase to the Orcish Mines.
 17778 | D:12     | Identified the +5 rapier of Bile {drain, rF+ Int+4}
 18266 | Orc:1    | Entered Level 1 of the Orcish Mines
 18661 | Orc:1    | Found Illiafau's Weapon Boutique.
 18745 | Orc:2    | Entered Level 2 of the Orcish Mines
 18753 | Orc:2    | Found a staircase to the Elven Halls.
 18995 | Orc:2    | Received a gift from Trog
 19278 | Orc:2    | Noticed an orc warlord
 19285 | Orc:2    | Killed an orc warlord
 19301 | Orc:2    | Reached skill level 19 in Axes
 19680 | Orc:2    | Found Ycvastes's Antique Armour Emporium.
 19684 | Orc:2    | Found Losev's General Store.
 19684 | Orc:2    | Found Ifomalea's Jewellery Shoppe.
 19685 | Orc:2    | Found Mosy's Antique Weapon Emporium.
 19688 | Orc:2    | Identified the +4 executioner's axe "Beetle's Peril"
                  | {flame, rElec} (Trog gifted it to you on level 2 of the
                  | Orcish Mines)
 19688 | Orc:2    | Received a gift from Trog
 20172 | D:13     | Noticed Erolcha
 20175 | D:13     | Killed Erolcha
 20586 | D:13     | Found a gate to the Vaults.
 20747 | D:13     | Found a transporter.
 20750 | D:13     | Found a transporter.
 20751 | D:13     | Noticed a stone giant
 20873 | D:13     | Noticed Josephine
 20878 | D:13     | Killed Josephine
 21086 | D:14     | Reached XP level 15. HP: 139/139 MP: 14/14
 21150 | D:14     | You fall into a shaft and drop 1 floor!
 21150 | D:15     | Entered Level 15 of the Dungeon
 21218 | D:15     | Received a gift from Trog
 21413 | D:15     | Reached skill level 20 in Axes
 21798 | D:15     | Reached skill level 15 in Fighting
 21923 | D:15     | Found a staircase to the Depths.
 22374 | D:14     | Gained mutation: You are dopey. (Int -2) [mutagenic glow]
 22386 | D:14     | Found a portal to a secret trove of treasure.
 22395 | D:14     | Reached skill level 15 in Armour
 23541 | D:4      | Killed lonewolfV2's ghost
 23758 | Snake:1  | Entered Level 1 of the Snake Pit
 23841 | Snake:1  | Received a gift from Trog
 23843 | Snake:1  | Noticed Mlioglotl
 23850 | Snake:1  | Noticed Nikola
 23855 | Snake:1  | Killed Mlioglotl
 23867 | Snake:1  | Killed Nikola
 24094 | Snake:1  | Gained mutation: You occasionally lose the ability to drink
                  | potions when taking damage. [mutagenic glow]
 24104 | Snake:1  | Reached skill level 21 in Axes
 25045 | Snake:2  | Found a transporter.
 25167 | Snake:2  | Found a transporter.
 25263 | Snake:2  | Reached XP level 16. HP: 139/151 MP: 15/15
 25551 | Snake:2  | Found a transporter.
 25555 | Snake:2  | Found a transporter.
 25817 | Snake:2  | Found a transporter.
 25822 | Snake:2  | Found a transporter.
 26095 | Snake:2  | Received a gift from Trog
 26905 | Snake:3  | Reached skill level 22 in Axes
 27286 | Snake:3  | Reached skill level 15 in Dodging
 27565 | Snake:4  | Entered Level 4 of the Snake Pit
 28281 | Snake:4  | Identified the +3 battleaxe of the Sneaky Lives {heavy,
                  | Str+3} (Trog gifted it to you on level 4 of the Snake Pit)
 28281 | Snake:4  | Received a gift from Trog
 28727 | Snake:4  | Received a gift from Trog
 28733 | Snake:4  | Reached XP level 17. HP: 128/161 MP: 16/16
 28877 | Snake:4  | Reached skill level 23 in Axes
 29372 | Snake:4  | Got a serpentine rune of Zot
 29643 | Shoals:1 | Entered Level 1 of the Shoals
 30410 | Shoals:1 | Received a gift from Trog
 31554 | Shoals:1 | Found Naor's Magic Scroll Shop.
 31738 | Shoals:1 | Bought a scroll of identify for 24 gold pieces
 31738 | Shoals:1 | Bought a scroll of identify for 24 gold pieces
 31738 | Shoals:1 | Bought a scroll of identify for 24 gold pieces
 31738 | Shoals:1 | Bought a scroll of enchant armour for 90 gold pieces
 31738 | Shoals:1 | Bought a scroll of enchant armour for 90 gold pieces
 32234 | Shoals:2 | Found a bloodstained altar of Trog.
 32237 | Shoals:2 | Noticed Kof Pipt's ghost (adept DsHu)
 32286 | Shoals:2 | Found the +11 Singing Sword {sonic wave}
 32293 | Shoals:2 | Found a transporter.
 32322 | Shoals:2 | Found a transporter.
 32787 | Shoals:2 | Reached skill level 24 in Axes
 33006 | Shoals:2 | Noticed Ilsuiw
 33019 | Shoals:2 | HP: 7/163 [merfolk javelineer/silver javelin[Ilsuiw] (12)]
 33021 | Shoals:2 | HP: 3/163 [something (1)]
 33025 | Shoals:2 | Slain by Ilsuiw

Illustrated notes

Levels and vault maps discovered:
D:1:      nzn_arrival_water_spiral, layout_loops_cross, serial_shops, shop
D:2:      layout_loops_corners, serial_undead, serial_undead_a, serial_undead_e,
          serial_undead_f, serial_undead_b
D:3:      layout_loops_ring, hellmonk_ecumenical_altar_watching_god,
          uniq_terence, uniq_robin
D:4:      layout_loops_ring, minmay_temple_entry_purple_smoke,
          ebering_ghost_gozag, portal_sewer_entry_c, minmay_fountain_box,
          st_stairs_1, minmay_crystal_room, dk_vineyard_3
D:5:      layout_cave_pools, serial_gnoll_camp, gnoll_camp_medium_02,
          gnoll_camp_mini_house, gnoll_camp_medium_01, gnoll_camp_mini_house,
          gnoll_camp_huts_basic, gnoll_camp_mini_shop, grunt_ministairs_9,
          chequers_decorated_corner, st_stairs_6, kennysheep_nondescript,
          uniq_sigmund
D:6:      layout_basic, uniq_blork_the_orc, uniq_eustachio
D:7:      layout_basic
D:8:      layout_rooms, mainiacjoe_overflow_divided_tiny, minivault_14,
          chequers_serial_rivers_micro_e, kennysheep_decorative_pillar,
          moated_statue
D:9:      layout_big_octagon, serial_shops, shop, minivault_13
D:10:     layout_rooms, grunt_gozag_statues, uniq_urug
D:11:     layout_rooms, david_lair_generic
D:12:     layout_stronghold, orc_0_dummy
D:13:     gammafunk_beogh_shrine, layout_rooms,
          hangedman_vaults_entry_quadrant_bands, uniq_erolcha, uniq_josephine
D:14:     layout_stronghold, serial_bayou_pond_e, enter_trove_5
D:15:     gammafunk_enter_depths_forms, layout_rooms
Temple:   nicolae_temple_bog_church
Lair:1:   layout_regular_city
Lair:2:   layout_hall_layers, minmay_snake_entry_guardpost_small, special_room
          [special_room_bee], gauntlet_entry_generic, st_stairs_12,
          patterned_corridor
Lair:3:   layout_regular_city, minmay_shoals_entry_beasts,
          nicolae_lair_lil_pond, dreamdust_mushroom_princess,
          grunt_megastairs_3, lemuel_fruit_fields, lemuel_fruit_fields
Lair:4:   layout_roguey [special_room_mythical_zoo], slime_entry_1,
          grunt_forest_large_clearing_hut, lemuel_fruit_fields
Lair:5:   wormcave, layout_long_grid, lightli_volcano_entry_magma_tube,
          lemuel_fruit_tree, uniq_kirke
Shoals:1: cheibrodos_shoals_epimethial_gifts, layout_shoals, serial_shops, shop,
          nicolae_shoals_flooded_hall
Shoals:2: layout_shoals, gammafunk_ghost_wrathful_warriors, uniq_ilsuiw
Snake:1:  layout_basic, serial_bayou_pond_c, uniq_mlioglotl, uniq_nikola
Snake:2:  layout_layer_cave, serial_nicolae_subway, nicolae_sub_station_stone,
          nicolae_sub_station_metal, nicolae_sub_station_crystal,
          nicolae_triple_integral
Snake:3:  layout_rooms
Snake:4:  snake_pit_salamanders_mu, layout_misc_corridors, serial_shops,
          nicolae_shop_real_fake_doors, grunt_megastairs_2
Orc:1:    layout_caves, serial_shops, shop_fountains, basic_altar
Orc:2:    st_orc_congregation, layout_caves

Skill      XL: |  1  2  3  4  5  6  7  8  9 10 11 12 13 14 15 16 17 |
---------------+----------------------------------------------------+-----
Axes           | 4 5 6 7 9 10 12 14 16 18 19 21 22 24 | 24.0
Fighting       | 4 5 6 7 8 9 11 12 13 14 15 17 | 17.9
Armour         | 3 4 5 6 7 9 10 12 13 14 15 16 17 | 17.7
Dodging        | 3 4 5 6 7 8 9 11 12 13 14 15 16 | 16.4
Shields        | 1 4 5 |  5.0

Action                     |  1- 3 |  4- 6 |  7- 9 | 10-12 | 13-15 | 16-18 || total
---------------------------+-------+-------+-------+-------+-------+-------++-------
  Melee: Hand axe          |    83 |    37 |       |       |       |       ||   120
         Headbutt          |    18 |    23 |    62 |    90 |   127 |    58 ||   378
         War axe           |       |   120 |   319 |    40 |       |       ||   479
         Punch             |       |       |     1 |       |       |       ||     1
         Battleaxe         |       |       |       |    77 |       |       ||    77
         Broad axe         |       |       |       |   348 |    12 |       ||   360
         Executioner's axe |       |       |       |       |   575 |   371 ||   946
  Throw: Boomerang         |       |       |     1 |     2 |       |       ||     3
 Invoke: Berserk           |       |     2 |     8 |     7 |     1 |     1 ||    19
         Trog's Hand       |       |       |       |       |     2 |     2 ||     4
    Use: Scroll            |       |       |       |    17 |     9 |     9 ||    35
         Potion            |       |       |       |       |       |     1 ||     1
 Armour: Animal skin       |     2 |       |       |       |       |       ||     2
         Ring mail         |     7 |       |       |       |       |       ||     7
         Chain mail        |    23 |    76 |    37 |       |       |       ||   136
         Plate armour      |       |       |    85 |   120 |       |       ||   205
         Gold dragon scale |       |       |       |    47 |   533 |   388 ||   968
  Dodge: Dodged            |    45 |    56 |   137 |   165 |   361 |   327 ||  1091
  Block: Other             |       |    25 |    23 |    18 |       |       ||    66
         Kite shield       |       |       |   118 |   244 |     7 |       ||   369
         Buckler           |       |       |    16 |       |       |       ||    16
         Reflection        |       |       |     3 |    10 |       |       ||    13
